 Dungeon Crawl Stone Soup version 0.24-a0-715-g0b739ee41d (webtiles) character file.

Game seed: 10025813439578496463, levelgen mode: deterministic

37159 Arixos the Covert (level 13, -6/70 HPs)
             Began as a Vampire Enchanter on Sept 30, 2019.
             Was a High Priest of Dithmenos.
             Mangled by a death yak (11 damage)
             ... on level 5 of the Lair of Beasts on Oct 1, 2019.
             The game lasted 03:56:35 (16249 turns).

Arixos the Covert (Vampire Enchanter)              Turns: 16249, Time: 03:56:36

Health: -6/70      AC: 13    Str: 13    XL:     13   Next: 56%
Magic:  26/26      EV: 27    Int: 17    God:    Dithmenos [*****.]
Gold:   689        SH:  0    Dex: 23    Spells: 20/30 levels left

rFire    + . .     SeeInvis +   a - +3 dagger
rCold    + + .     Gourm    .   (no shield)
rNeg     + + +     Faith    .   E - +2 robe {MR+}
rPois    ∞         Spirit   .   (no helmet)
rElec    .         Reflect  .   i - +2 cloak
rCorr    .         Harm     .   e - +2 pair of gloves
MR       ++...                  f - +2 pair of boots
Stlth    ++++++++++             v - amulet of magic regeneration
HPRegen  0.00/turn              t - +2 ring of slaying
MPRegen  0.45/turn              O - ring "Tesosar" {rF+ Str+6 Stlth+}

@: agile, about to teleport, bloodless, regenerating quickly, wreathed by umbra
A: no food, fangs 3, see invisible, clumsy 1, frail 1, wild magic 1, unbreathing
a: Bat Form, Revivify, Shadow Step, Shadow Form, Renounce Religion


You were on level 5 of the Lair of Beasts.
You worshipped Dithmenos.
Dithmenos was extremely pleased with you.
You were bloodless.

You visited 3 branches of the dungeon, and saw 15 of its levels.
You also visited: Gauntlet.

You collected 689 gold pieces.

Inventory:

Hand Weapons
 a - a +3 dagger (weapon)
 m - a +2 short sword of distortion
 R - a +2 longbow of flaming
Missiles
 Q - 13 poisoned darts (quivered)
 U - 15 arrows
Armour
 e - a +2 pair of gloves (worn)
 f - a +2 pair of boots (worn)
 i - a +2 cloak (worn)
 E - a +2 robe of magic resistance (worn)
 S - a +4 plate armour of fire resistance
Jewellery
 t - a +2 ring of slaying (left hand)
 v - an amulet of magic regeneration (around neck)
 L - an uncursed ring of protection from magic
 O - the ring "Tesosar" (right hand) {rF+ Str+6 Stlth+}
   (You found it in a Gauntlet)

   [ring of stealth]

   It affects your strength (+6).
   It protects you from fire.
   It makes you more stealthy.
Wands
 b - a wand of paralysis (5)
 l - a wand of disintegration (13)
 B - a wand of scattershot (2)
 C - a wand of flame (34)
 D - a wand of digging (1)
 F - a wand of iceblast (14)
 J - a wand of polymorph (7)
Scrolls
 c - 7 scrolls of remove curse
 d - 3 scrolls of enchant armour
 o - 4 scrolls of magic mapping
 p - a scroll of noise {unknown}
 r - 2 scrolls of fear {unknown}
 s - 3 scrolls of fog
 u - a scroll of random uselessness {unknown}
 w - a scroll of immolation {unknown}
 x - a scroll of identify
 y - a scroll of teleportation
 A - 7 scrolls of amnesia
 G - a scroll of holy word {unknown}
 M - 3 scrolls of enchant weapon
 N - a scroll of acquirement {unknown}
Potions
 g - 4 potions of magic
 h - 3 potions of brilliance
 j - a potion of might
 k - 2 potions of haste
 n - a potion of agility
 z - a potion of degeneration {unknown}
 I - a potion of resistance {unknown}
 K - a potion of lignification {unknown}
 P - a potion of heal wounds
Miscellaneous
 T - a box of beasts


   Skills:
 + Level 9.1 Fighting
 + Level 10.6 Short Blades
 + Level 10.9 Dodging
 + Level 14.8 Stealth
 + Level 9.2 Spellcasting
 + Level 13.9 Hexes


You had 20 spell levels left.
You knew the following spells:

 Your Spells              Type           Power        Failure   Level  Hunger
a - Ensorcelled Hibernat  Hex/Ice        #####.       1%          2    N/A
c - Confuse               Hex            ######..     1%          3    N/A
d - Tukima's Dance        Hex            ######..     1%          3    N/A
s - Slow                  Hex            ######..     1%          2    N/A

Your spell library contained the following spells:

 Spells                   Type           Power        Failure   Level  Hunger
 Corona                   Hex            ######.      1%          1    N/A
 Dazzling Spray           Conj/Hex       #####.       3%          3    N/A
 Magic Dart               Conj           ##..         14%         1    N/A
 Blink                    Tloc           N/A          21%         2    N/A
 Call Imp                 Summ           ##......     21%         2    N/A
 Metabolic Englaciation   Hex/Ice        #####.....   21%         5    N/A
 Silence                  Hex/Air        #####.....   21%         5    N/A
 Conjure Flame            Conj/Fire      ##......     36%         3    N/A
 Mephitic Cloud           Conj/Pois/Air  ##......     36%         3    N/A
 Ice Form                 Ice/Tmut       ##......     75%         4    N/A
 Summon Lightning Spire   Summ/Air       ##......     75%         4    N/A
 Bolt of Cold             Conj/Ice       ##........   100%        6    N/A
 Deflect Missiles         Chrm/Air       ##........   100%        6    N/A
 Freezing Cloud           Conj/Ice/Air   ##........   100%        6    N/A
 Ozocubu's Refrigeration  Ice            ##........   100%        6    N/A
 Simulacrum               Ice/Necr       ##........   100%        6    N/A

Dungeon Overview and Level Annotations

Branches:
Dungeon (8/15)             Temple (1/1) D:4            Lair (6/6) D:8
 Shoals (0/4) Lair:4        Snake (0/4) Lair:2        Slime (0/5) Lair:5
Gauntlet (visited)

Altars:
Ashenzari
Cheibriados
Dithmenos
Fedhas
Gozag
Hepliaklqana
Kikubaaqudgha
Makhleb
Nemelex Xobeh
Okawaru
Qazlal
Ru
Sif Muna
Trog
Uskayaw
Wu Jian
Xom
Yredelemnul
Zin
The Shining One
Jiyva

Shops:
D:4 !   D:7 [

Annotations:
Lair:3 3 runed translucent doors, Qann's ghost, journeyman HuNe


Innate Abilities, Weirdness & Mutations

You do not eat.
You do not regenerate when monsters are visible.
You are frail without blood (-20% HP).
You are immune to poison.
You have razor-sharp teeth.
You have supernaturally acute eyesight. (SInv)
You can survive without breathing.
You are clumsy. (Dex -2)
You are frail. (-10% HP)
Your spells are a little harder to cast, but a little more powerful.


Message History

The death yak closely misses you. The death yak gores you!!
The death yak barely misses you.
You feel agile all of a sudden. The death yak gores you!!
The death yak gores you but does no damage.
The death yak completely misses you. x2; The death yak barely misses you.
The death yak misses you.
It was a potion of mutation.
You feel extremely strange.
You feel frail.
You feel clumsy.
You feel less in control of your magic.
The death yak gores you but does no damage.
The death yak gores you. The death yak gores you!
* * * LOW HITPOINT WARNING * * *
The death yak completely misses you. The death yak closely misses you.
The death yak gores you.
* * * LOW HITPOINT WARNING * * *
As you read the scroll of fog, it crumbles to dust.
The scroll dissolves into smoke.
The death yak misses you. The death yak closely misses you.
The death yak barely misses you. The death yak completely misses you.
The death yak gores you!
You die...

......P...#.......PP.........#.#
..............................##
...............................#
......#%.......................#
......P....)................#.##
.....................##......##
...............§§.§....#......#
...#...........YYY.....#.....##
.#....%........§@Y..........#♣♣♣♣
...............YY§.....≈≈≈≈≈≈≈≈P♣
.......P......§§§§.....≈≈≈≈≈≈P≈≈≈
........................≈PP≈P≈≈≈≈
...#..............#.[..≈≈≈≈≈≈≈≈≈≈
..##....................≈≈PP≈≈≈≈≈
...#.#..................≈≈≈≈≈≈≈≈≈
....>.................(..≈≈≈P≈≈≈≈
........................≈≈P≈≈≈≈≈≈


You could see 6 death yaks.

Vanquished Creatures
  Nessos (Lair:5)
  Harold (D:8)
  4 hydras
  2 two-headed ogres (D:8)
  3 death yaks
  Sonja (Lair:2)
  A wolf spider (Lair:6)
  A moth of wrath (Gauntlet)
  11 elephants
  3 merfolk sirens (Lair:4)
  8 black mambas
  11 spiny frogs
  A torpor snail (Lair:2)
  A kobold demonologist (D:8)
  A rime drake (Lair:1)
  4 komodo dragons
  A merfolk (Lair:4)
  6 hippogriffs
  15 blink frogs
  4 redbacks (Gauntlet)
  3 shadows (Gauntlet)
  6 wyverns
  Sigmund (D:5)
  11 yaks
  2 basilisks
  The ghost of pentaxis93 the Poker, an amateur DsAK of Lugonu (D:3)
  A steam dragon (D:8)
  Edmund (D:5)
  A soldier ant (D:5)
  9 porcupines
  15 water moccasins
  A sky beast (D:5)
  3 phantoms (D:8)
  5 ogres
  4 wolves (Lair:5)
  3 centaurs
  9 crocodiles
  14 big kobolds (D:8)
  A gnoll sergeant (D:4)
  14 bullfrogs
  2 scorpions
  A water moccasin skeleton (D:8)
  4 electric eels
  A jelly (D:6)
  7 wights
  3 crimson imps
  2 quasits (D:3)
  2 hounds
  2 bullfrog skeletons
  3 centaur skeletons
  3 orc wizards
  2 iguanas (D:7)
  Ijyb (D:5)
  Terence (D:2)
  6 worker ants
  A hound skeleton (D:6)
  11 adders
  5 gnolls (D:4)
  2 shadow imps
  An ooze (D:5)
  3 adder skeletons (D:4)
  4 worms
  3 dart slugs
  3 leopard geckos
  19 orcs
  9 giant cockroaches
  8 goblins
  7 hobgoblins
  15 jackals
  3 quokkas
  A ball python (D:2)
  3 bats
  4 frilled lizards
  A jackal zombie (D:7)
  20 kobolds
  A leopard gecko skeleton (D:5)
  A quokka skeleton (D:7)
  13 rats
  A fungus (Lair:2)
  2 plants
366 creatures vanquished.

Vanquished Creatures (collateral kills)
  5 wights
5 creatures vanquished.

Vanquished Creatures (others)
  2 dancing weapons
  An electric eel (Lair:1)
  A bush (Lair:6)
  14 demonic plants (Gauntlet)
  10 fungi
  4 plants
32 creatures vanquished.

Grand Total: 403 creatures vanquished

Notes
Turn   | Place    | Note
-------+----------+-------------------------------------------
     0 | D:1      | Arixos the Vampire Enchanter began the quest for the Orb.
     0 | D:1      | Reached XP level 1. HP: 13/13 MP: 3/3
   263 | D:1      | Reached XP level 2. HP: 16/16 MP: 5/5
   267 | D:1      | Learned a level 2 spell: Ensorcelled Hibernation
  1012 | D:1      | Reached XP level 3. HP: 20/20 MP: 0/6
  1073 | D:1      | Learned a level 3 spell: Confuse
  1643 | D:2      | Found a sacrificial altar of Ru.
  1654 | D:2      | Reached skill level 1 in Fighting
  1717 | D:2      | Reached skill level 5 in Stealth
  1717 | D:2      | Reached skill level 5 in Hexes
  1717 | D:2      | Reached XP level 4. HP: 23/25 MP: 2/7
  2281 | D:2      | Found a glowing golden altar of the Shining One.
  2440 | D:2      | Noticed Terence
  2455 | D:2      | Killed Terence
  2740 | D:3      | Learned a level 3 spell: Tukima's Dance
  2755 | D:3      | Reached XP level 5. HP: 29/29 MP: 5/8
  2915 | D:3      | Found a transporter.
  3393 | D:3      | Found a transporter.
  3410 | D:3      | Noticed pentaxis93's ghost (amateur DsAK)
  3504 | D:3      | Killed pentaxis93's ghost
  3504 | D:3      | Reached skill level 6 in Stealth
  3504 | D:3      | Reached XP level 6. HP: 23/35 MP: 2/10
  4037 | D:4      | Found a staircase to the Ecumenical Temple.
  4051 | D:4      | Reached XP level 7. HP: 37/40 MP: 7/11
  4074 | Temple   | Entered the Ecumenical Temple
  4378 | Temple   | Became a worshipper of Dithmenos the Shadowed
  4578 | D:4      | Found Uluobouss's Distillery.
  5335 | D:5      | Entered Level 5 of the Dungeon
  5355 | D:5      | Reached skill level 7 in Stealth
  5570 | D:5      | Reached XP level 8. HP: 46/46 MP: 4/13
  5614 | D:5      | Reached * piety under Dithmenos
  5804 | D:5      | Noticed Ijyb
  5811 | D:5      | Killed Ijyb
  5871 | D:5      | Noticed Edmund
  5876 | D:5      | Killed Edmund
  5893 | D:5      | Noticed Sigmund
  5896 | D:5      | Killed Sigmund
  5916 | D:5      | Reached skill level 5 in Dodging
  5916 | D:5      | Reached skill level 8 in Stealth
  6052 | D:5      | Found a hazy altar of Hepliaklqana.
  6277 | D:6      | Reached skill level 5 in Short Blades
  6309 | D:6      | Found an ancient bone altar of Kikubaaqudgha.
  6509 | D:6      | Found an iron altar of Okawaru.
  6554 | D:6      | Reached XP level 9. HP: 50/52 MP: 11/16
  6622 | D:6      | Found a hazy altar of Hepliaklqana.
  7029 | D:7      | Found a bloodstained altar of Trog.
  7076 | D:7      | Found a hide-covered altar of Uskayaw.
  7126 | D:7      | Reached ** piety under Dithmenos
  7210 | D:7      | Reached skill level 9 in Stealth
  7210 | D:7      | Reached skill level 5 in Spellcasting
  7327 | D:7      | Found a shattered altar of Ashenzari.
  7431 | D:7      | Found Newk's Antique Armour Boutique.
  7618 | D:7      | Found a burning altar of Makhleb.
  7697 | D:8      | Noticed a two-headed ogre
  7702 | D:8      | Killed a two-headed ogre
  7702 | D:8      | Reached skill level 5 in Fighting
  7702 | D:8      | Reached skill level 10 in Stealth
  7845 | D:8      | Identified the Incunabulum of Spores
  7887 | D:8      | Reached XP level 10. HP: 59/59 MP: 15/18
  8054 | D:8      | Noticed a two-headed ogre
  8097 | D:8      | Killed a two-headed ogre
  8097 | D:8      | Reached skill level 10 in Hexes
  8412 | D:8      | Found a staircase to the Lair.
  8475 | D:8      | Noticed Harold
  8478 | D:8      | Killed Harold
  8529 | D:8      | Reached *** piety under Dithmenos
  8565 | D:8      | Reached skill level 11 in Stealth
  8844 | Lair:1   | Entered Level 1 of the Lair of Beasts
  8882 | Lair:1   | Noticed a spiny frog
  8886 | Lair:1   | Noticed a black mamba
  8889 | Lair:1   | Killed a spiny frog
  8894 | Lair:1   | Killed a black mamba
  8894 | Lair:1   | Reached XP level 11. HP: 64/64 MP: 21/21
  9127 | Lair:1   | Got a smoking robe
  9138 | Lair:1   | Identified the +2 robe of Vampiric Thralls {Int+3} (You
                  | found it on level 1 of the Lair of Beasts)
  9609 | Lair:1   | Noticed a five-headed hydra
  9613 | Lair:1   | Killed a five-headed hydra
 10102 | Lair:2   | Reached skill level 12 in Stealth
 10177 | Lair:1   | Reached **** piety under Dithmenos
 10251 | Lair:1   | Learned a level 2 spell: Slow
 10348 | Lair:2   | Found a staircase to the Snake Pit.
 10355 | Lair:2   | Noticed a death yak
 10903 | Lair:2   | Noticed Sonja
 10910 | Lair:2   | Killed Sonja
 11359 | Lair:2   | Killed a death yak
 11707 | Lair:2   | Noticed a four-headed hydra
 11884 | Lair:2   | Killed a four-headed hydra
 11884 | Lair:2   | Reached XP level 12. HP: 72/72 MP: 17/23
 12090 | Lair:3   | Found a runed translucent gate.
 12090 | Lair:3   | Found a runed translucent gate.
 12090 | Lair:3   | Found a runed translucent gate.
 12091 | Lair:3   | Noticed Qann's ghost (journeyman HuNe)
 12092 | Lair:3   | Found a gate leading to a gauntlet.
 12110 | Gauntlet | Entered a Gauntlet
 12110 | Gauntlet | Found a large runed translucent door.
 12110 | Gauntlet | Found a large runed translucent door.
 12110 | Gauntlet | Found a large runed translucent door.
 12110 | Gauntlet | Found a large runed translucent door.
 12110 | Gauntlet | Found a runed translucent door.
 12110 | Gauntlet | Found a large runed translucent door.
 12110 | Gauntlet | Found a large runed translucent door.
 12110 | Gauntlet | Found a transporter.
 12110 | Gauntlet | Found a transporter.
 12110 | Gauntlet | Found a large runed translucent door.
 12110 | Gauntlet | Found a large runed translucent door.
 12110 | Gauntlet | Found a runed translucent gate.
 12110 | Gauntlet | Found a runed translucent gate.
 12110 | Gauntlet | Found a transporter.
 12111 | Gauntlet | Found a transporter.
 12114 | Gauntlet | Found a transporter.
 12121 | Gauntlet | Found a runed translucent gate.
 12121 | Gauntlet | Found a runed translucent door.
 12133 | Gauntlet | Found a large runed translucent door.
 12133 | Gauntlet | Found a large runed translucent door.
 12133 | Gauntlet | Found a large runed translucent door.
 12133 | Gauntlet | Found a large runed translucent door.
 12134 | Gauntlet | Found a large runed translucent door.
 12134 | Gauntlet | Found a large runed translucent door.
 12135 | Gauntlet | Found a large runed translucent door.
 12135 | Gauntlet | Found a large runed translucent door.
 12139 | Gauntlet | Found a transporter.
 12151 | Gauntlet | Found a transporter.
 12165 | Gauntlet | Found a transporter.
 12179 | Gauntlet | Found a transporter.
 12191 | Gauntlet | Found a transporter.
 12197 | Gauntlet | Found a transporter.
 12197 | Gauntlet | Noticed a death scarab
 12211 | Gauntlet | Found a transporter.
 12363 | Gauntlet | Got a transparent copper ring
 12394 | Gauntlet | Identified the ring "Tesosar" {rF+ Str+6 Stlth+} (You found
                  | it in a Gauntlet)
 12407 | Gauntlet | Reached skill level 13 in Stealth
 12514 | Gauntlet | Got a twitching marble ring
 12522 | Gauntlet | Identified the ring of Oqitufud {+Fly rElec} (You found it
                  | in a Gauntlet)
 12530 | Gauntlet | Noticed a minotaur
 12562 | Gauntlet | Got a dull robe
 12569 | Lair:3   | Identified the +1 robe "Kucwel" {rElec Int-3 Dex+6} (You
                  | found it in a Gauntlet)
 13565 | Lair:4   | Found a staircase to the Shoals.
 14202 | Lair:4   | Reached skill level 10 in Dodging
 14415 | Lair:6   | Entered Level 6 of the Lair of Beasts
 14512 | Lair:6   | Reached skill level 10 in Short Blades
 14633 | Lair:6   | Noticed a four-headed hydra
 14646 | Lair:6   | Reached skill level 14 in Stealth
 14667 | Lair:6   | Killed a four-headed hydra
 14685 | Lair:6   | Reached XP level 13. HP: 77/79 MP: 16/25
 14947 | Lair:5   | Noticed Nessos
 14954 | Lair:5   | Killed Nessos
 15115 | Lair:5   | Got a thick robe
 15126 | Lair:5   | Identified the +1 robe of the Depths {Int+2} (You found it
                  | on level 5 of the Lair of Beasts)
 15148 | Lair:5   | Found a staircase to the Slime Pits.
 15148 | Lair:5   | Found a viscous altar of Jiyva.
 15176 | Lair:5   | Reached ***** piety under Dithmenos
 16248 | Lair:5   | Gained mutation: You are frail. (-10% HP) [potion of
                  | mutation]
 16248 | Lair:5   | Gained mutation: You are clumsy. (Dex -2) [potion of
                  | mutation]
 16248 | Lair:5   | Gained mutation: Your spells are a little harder to cast,
                  | but a little more powerful. [potion of mutation]
 16249 | Lair:5   | Mangled by a death yak

Levels and vault maps discovered:
D:1:      onia_arrival_larder, layout_loops_ring
D:2:      layout_rooms, nicolae_ru_great_annihilating_truth,
          nicolae_tso_carved_into_rock, uniq_terence
D:3:      layout_loops_corners, lemuel_round_altar, gammafunk_ghost_stat_death,
          st_stairs_9
D:4:      layout_basic, minmay_temple_entry_mist, serial_corexii_hall,
          corexii_hall_statues_x, chequers_hall_statues_wall_a, serial_shops,
          nicolae_shop_crystal, first_ration, lightli_minifort
D:5:      layout_loops_corners, basic_altar, uniq_sigmund, uniq_edmund,
          uniq_ijyb
D:6:      layout_gridville, kiku_gazebo_garden_becter, okawaru_metal_pillars_3,
          lemuel_round_altar, cheibrodos_sewer_entry_bend
D:7:      layout_cave_pools, eat_drink_and_be_merry_uskayaw, marbit_many_paths,
          kennysheep_mini, old_standard_altar, serial_shops,
          kennysheep_mini_moat
D:8:      layout_gridville, lair_entry_dummy, special_room
          [special_room_kobold], uniq_harold
Temple:   minmay_temple_forest_path
Lair:1:   wad_woods_structure_01, layout_hall_layers, serial_bayou,
          serial_bayou_lagoon_b, serial_bayou_pond_b, serial_bayou_crossing
Lair:2:   layout_chaotic_city, dummy_snake_entry, grunt_megastairs_3,
          infiniplex_staircase_pool, uniq_sonja
Lair:3:   layout_roguey, ebering_ghost_rock_garden, gauntlet_entry_generic
Lair:4:   layout_loops_ring, elwin_shoals_entry_stream, grunt_megastairs_5
Lair:5:   layout_gridlike, slime_altar_1, lemuel_fruit_fields,
          grunt_megastairs_4, serial_bayou_shore_a, uniq_nessos
Lair:6:   hangedman_lair_tendril_chambers, layout_big_grid,
          nicolae_quartered_pool_super

Skill      XL: |  1  2  3  4  5  6  7  8  9 10 11 12 13 |
---------------+----------------------------------------+-----
Fighting       | 1 2 3 4 5 6 7 8 9 |  9.1
Stealth        | 5 6 7 8 10 11 12 14 | 14.8
Hexes          | 5 6 8 9 10 12 13 | 13.9
Short Blades   | 2 3 4 5 6 7 9 10 | 10.6
Dodging        | 3 4 5 6 7 9 10 | 10.9
Spellcasting   | 3 4 5 6 7 8 9 |  9.2

Action                   |  1- 3 |  4- 6 |  7- 9 | 10-12 | 13-15 || total
-------------------------+-------+-------+-------+-------+-------++-------
Melee: Dagger            |    77 |   111 |   227 |   448 |   112 ||   975
       Bite              |     3 |     7 |    16 |    66 |    19 ||   111
Throw: Dart              |       |       |       |    13 |    14 ||    27
 Cast: Corona            |     5 |       |       |       |       ||     5
       Ensorcelled Hiber |    16 |    29 |    42 |    49 |    32 ||   168
       Confuse           |       |     8 |    39 |   114 |    11 ||   172
       Tukima's Dance    |       |       |    10 |     2 |       ||    12
       Slow              |       |       |       |     5 |       ||     5
 Abil: Exsanguinate      |     1 |       |       |       |       ||     1
Evoke: Wand              |       |       |       |     5 |     2 ||     7
       Box of beasts     |       |       |       |       |     1 ||     1
  Use: Scroll            |     1 |     5 |     3 |    17 |     5 ||    31
       Potion            |       |       |     3 |     9 |     3 ||    15
 Stab: Sleeping          |    26 |    30 |    61 |    61 |    27 ||   205
       Confused          |       |     6 |    15 |    50 |     9 ||    80
       Distracted        |       |     1 |       |     3 |     2 ||     6
Armor: Robe              |    17 |     6 |    17 |    60 |    26 ||   126
       Leather armour    |       |    25 |    13 |       |       ||    38
Dodge: Dodged            |    52 |    70 |   126 |   312 |   135 ||   695

Table legend:
 A = Non-vault XP
 B = Vault XP
 C = Vault XP percentage of total XP
 D = Non-vault monster count
 E = Vault monster count
 F = Vault count percentage of total count
                 A         B        C        D         E       F
            +---------+---------+-------+---------+---------+-------
      Total |   36135 |   16950 |  31.9 |     272 |      96 |  26.1
            +---------+---------+-------+---------+---------+-------
        D:1 |      31 |      10 |  24.4 |      19 |       8 |  29.6
        D:2 |      71 |      81 |  53.3 |      26 |       5 |  16.1
        D:3 |      31 |     276 |  89.9 |      10 |       5 |  33.3
        D:4 |     408 |     153 |  27.3 |      14 |       6 |  30.0
        D:5 |     749 |     413 |  35.5 |      35 |       3 |   7.9
        D:6 |     778 |      10 |   1.3 |      13 |       2 |  13.3
        D:7 |     934 |     110 |  10.5 |      23 |       1 |   4.2
        D:8 |    3338 |    2669 |  44.4 |      28 |      23 |  45.1
     Lair:1 |    2300 |    2622 |  53.3 |      12 |       9 |  42.9
     Lair:2 |    7468 |     930 |  11.1 |      28 |       2 |   6.7
     Lair:3 |    1630 |       0 |   0.0 |       7 |       0 |   0.0
     Lair:4 |    4411 |    1827 |  29.3 |      14 |       5 |  26.3
     Lair:5 |    7698 |    1860 |  19.5 |      26 |       3 |  10.3
     Lair:6 |    6288 |    3913 |  38.4 |      17 |      16 |  48.5
   Gauntlet |       0 |    2076 | 100.0 |       0 |       8 | 100.0
            +---------+---------+-------+---------+---------+-------
